 Dungeon Crawl Stone Soup version 0.30-a0-916-g9813417 (webtiles) character file.

Game seed: 16009288334733156829

189 Think the Ducker (level 5, 0/36 HPs)
             Began as an Octopode Fighter on Mar 21, 2023.
             Was a Follower of Kikubaaqudgha.
             Constricted to death by a ball python (1 damage)
             ... on level 2 of the Dungeon.
             The game lasted 00:01:31 (604 turns).

Think the Ducker (Octopode Fighter)                  Turns: 604, Time: 00:01:32

Health: 0/36       AC:  1    Str: 15    XL:     5   Next: 68%
Magic:  5/5        EV: 12    Int: 10    God:    Kikubaaqudgha [*.....]
Gold:   38         SH:  5    Dex: 14    Spells: 4/4 levels left

rFire   . . .      SeeInvis .    a - +0 long sword
rCold   . . .      Faith    .    b - +0 buckler
rNeg    . . .      Spirit   .    (helmet restricted)
rPois   .          Reflect  .    (no amulet)
rElec   .          Rampage  .    (no ring)
rCorr   .                        (no ring)
Will    .....                    (no ring)
Stlth   ++                       (no ring)
HPRegen 0.26/turn                (no ring)
MPRegen 0.09/turn                (no ring)
                                 (no ring)
                                 (no ring)

@: constricted
A: almost no armour, amphibious, 8 rings, camouflage 1, gelatinous body 1,
(nimble swimmer 1), tentacles
a: Renounce Religion, Unearth Wretches


You were on level 2 of the Dungeon.
You worshipped Kikubaaqudgha.
Kikubaaqudgha was aware of your devotion.
You visited 1 branch of the dungeon, and saw 2 of its levels.

You collected 38 gold pieces.

Inventory:

Hand Weapons
 a - a +0 long sword (weapon)
Armour
 b - a +0 buckler (worn)


   Skills:
 - Level 3.0 Fighting
 - Level 2.0 Long Blades
 + Level 6.2 Dodging
 - Level 3.0 Shields


You had 4 spell levels left.
You didn't know any spells.
Your spell library contained the following spells:

 Spells                   Type           Power      Damage    Failure   Level
 Kiss of Death            Conj/Necr      0%         2d5       45%         1
 Necrotise                Necr           0%         1d4       45%         1
 Cigotuvi's Dreadful Rot  Necr/Pois/Air  0%         N/A       58%         2
 Sublimation of Blood     Necr           0%         N/A       58%         2


Dungeon Overview and Level Annotations

Branches:
Dungeon (1/15)

Altars:
Kikubaaqudgha


Innate Abilities, Weirdness & Mutations

You cannot wear most types of armour.
You are amphibious.
You can wear up to eight rings at the same time.
Your skin changes colour to match your surroundings (Stealth+).
Your rubbery body absorbs attacks. (AC +1, EV +1)
((You are camouflaged when in or above water. (Stealth+)))
You have tentacles for arms and can constrict up to eight enemies at once.


Message History

The ball python barely misses you. The ball python misses you.
You block the ball python's attack. The ball python misses you.
The ball python closely misses you. The ball python completely misses you.
The ball python bites you. The ball python grabs you.
The ball python constricts you. The ball python closely misses you.
The ball python constricts you. You block the ball python's attack.
The ball python constricts you. The ball python closely misses you.
The ball python constricts you. The ball python bites you.
The ball python constricts you. The ball python misses you.
The ball python constricts you. The ball python bites you.
The ball python constricts you. The dart slug launches a dart at you.
The slug dart hits you. The ball python misses you.
The ball python constricts you. You block the ball python's attack.
The ball python constricts you. The dart slug launches a dart at you.
The slug dart misses you. You block the ball python's attack.
The ball python constricts you. The ball python barely misses you.
The ball python constricts you. The dart slug launches a dart at you.
You block the slug dart. The ball python bites you.
The ball python constricts you. The ball python closely misses you.
The ball python constricts you. The ball python barely misses you.
The ball python constricts you. You block the dart slug's attack.
You block the ball python's attack. The ball python constricts you.
The ball python barely misses you. The ball python constricts you.
The dart slug bites you.
* * * LOW HITPOINT WARNING * * *
The ball python barely misses you. The ball python constricts you.
The ball python bites you.
* * * LOW HITPOINT WARNING * * *
The ball python constricts you.
* * * LOW HITPOINT WARNING * * *
The dart slug launches a dart at you. The slug dart hits you.
* * * LOW HITPOINT WARNING * * *
The ball python barely misses you. The ball python constricts you.
You die...
Kikubaaqudgha rasps: "You have failed me!
Welcome... death!"

##.###. ....... .......
....... ##.......
#........ #wS...... #@#
#.# ###
##############_###.....
#..............)...#
#.............######
#..##......##.#
#..###....###.#
#...###..###..#
#...(######...#


You could see a dart slug and a ball python.

Vanquished Creatures
  Sigmund (D:2)
  A dart slug (D:1)
  A ball python (D:1)
  2 endoplasms (D:1)
  A giant cockroach (D:1)
  2 goblins (D:1)
  A hobgoblin (D:1)
  2 bats (D:1)
  4 kobolds (D:1)
  3 rats (D:1)
18 creatures vanquished.

Notes
Turn   | Place    | Note
-------+----------+-------------------------------------------
     0 | D:1      | Think the Octopode Fighter began the quest for the Orb.
     0 | D:1      | Reached XP level 1. HP: 16/16 MP: 1/1
   120 | D:1      | Reached XP level 2. HP: 17/21 MP: 2/2
   369 | D:1      | Reached skill level 4 in Dodging
   407 | D:1      | You fall into a shaft and drop 1 floor!
   413 | D:2      | Found a faded altar of an unknown god.
   414 | D:2      | Noticed Sigmund
   466 | D:2      | Killed Sigmund
   467 | D:2      | Reached skill level 6 in Dodging
   467 | D:2      | Reached XP level 3. HP: 8/26 MP: 3/3
   467 | D:2      | Reached XP level 4. HP: 9/31 MP: 4/4
   467 | D:2      | Reached XP level 5. HP: 11/36 MP: 5/5
   566 | D:2      | Prayed at the altar of an unknown god.
   566 | D:2      | Became a worshipper of Kikubaaqudgha
   566 | D:2      | Reached * piety under Kikubaaqudgha
   566 | D:2      | Received a gift from Kikubaaqudgha
   604 | D:2      | HP: 1/36 [dart slug/slug dart (6)]
   604 | D:2      | Constricted to death by a ball python

Illustrated notes

Levels and vault maps discovered:
D:1:      minmay_arrival_doors, layout_basic
D:2:      layout_rooms, serial_shops, shop, basic_ecumenical_altar,
          minivault_19, kennysheep_path_1, minmay_puff, uniq_sigmund, uniq_robin

Skill      XL: |  1  2 |
---------------+-------+-----
Dodging        | 6 |  6.2
Fighting       | |  3.0
Long Blades    | |  2.0
Shields        | |  3.0

Action                     |  1- 3 |  4- 6 || total
---------------------------+-------+-------++-------
  Melee: Long sword        |    30 |       ||    30
         Constrict         |     8 |       ||     8
         Tentacles         |     5 |       ||     5
    Use: Potion            |     4 |       ||     4
   Stab: Sleeping          |     3 |       ||     3
 Armour: Skin              |     1 |       ||     1
  Dodge: Dodged            |     8 |    16 ||    24
  Block: Buckler           |     3 |     7 ||    10

Table legend: (Time is in decaauts)
 A = Elapsed time spent in this place.
 B = Non-inter-level travel time spent in this place.
 C = Inter-level travel time spent in this place.
 D = Time resting spent in this place.
 E = Time spent auto-exploring this place.
 F = Levels seen in this place.
 G = Mean time per level.
                   A        B        C        D        E       F      G
               +--------+--------+--------+--------+--------+-----+--------+
         Total |    613 |    613 |      0 |     96 |    314 |   2 |  306.5 |
       Dungeon |    613 |    613 |      0 |     96 |    314 |   2 |  306.5 |
               +--------+--------+--------+--------+--------+-----+--------+

Top non-repeatable levels by time:
     D:1: 416 daAuts
     D:2: 197 daAuts
